 Dungeon Crawl Stone Soup version 0.31-a0-986-g5e6e4ef867 (webtiles) character file.

Game seed: 15305493197232960286

4069 p00ps00p the Blocker (level 10, -3/73 (80) HPs)
             Began as a Formicid Fighter on Nov 11, 2023.
             Was an Initiate of Gozag.
             Slain by a wight
             ... wielding a +0 mace
              (4 damage)
             ... on level 8 of the Dungeon.
             The game lasted 00:13:11 (8361 turns).

p00ps00p the Blocker (Formicid Fighter)             Turns: 8361, Time: 00:13:13

HP:   -3/73 (80)    AC: 14    Str: 25    XL:     10   Next: 49%
MP:   10/10         EV:  5    Int:  8    God:    Gozag
Gold: 376           SH: 17    Dex: 13    Spells: 9/9 levels left

rFire   + . .        i - +3 hand axe (venom)
rCold   + + .        e - +2 tower shield
rNeg    . . .        j - +0 plate armour
rPois   +            (helmet unavailable)
rElec   +            t - +0 cloak
rCorr   +            (no gloves)
SInv    +            (no boots)
Will    +++..        (no amulet) Stlth
                     h - ring of protection from cold
HPRegen 0.32/turn    p - ring of willpower
MPRegen 0.12/turn

%: no passive effects
@: mighty, resistant, gold aura, enlightened, flying, drained
A: permanent stasis, dig shafts and tunnels, antennae 3, four strong arms
a: Dig, Shaft Self, Renounce Religion, Potion Petition, Call Merchant, Bribe
Branch


You were on level 8 of the Dungeon.
You worshipped Gozag.
Gozag was aware of your devotion.
You visited 2 branches of the dungeon, and saw 9 of its levels.

You collected 926 gold pieces.
You paid 550 gold pieces to Gozag.

Inventory:

Hand Weapons
 a - a +1 war axe
 b - a +2 battleaxe of freezing
 i - a +3 hand axe of venom (weapon)
 u - a +1 mace of holy wrath
Armour
 e - a +2 tower shield (worn)
 j - a +0 plate armour (worn)
 t - a +0 cloak (worn)
Jewellery
 h - a ring of protection from cold (left hand)
 p - a ring of willpower (right hand)
Wands
 c - a wand of flame (17)
 k - a wand of paralysis (17)
Scrolls
 g - 2 scrolls of vulnerability
 n - a scroll of amnesia
 s - a scroll of enchant armour
Potions
 d - 2 potions of enlightenment
 f - 4 potions of curing
 l - a potion of degeneration
 m - a potion of magic
 o - a potion of cancellation
 q - 2 potions of invisibility
 r - a potion of brilliance


   Skills:
 + Level 7.9 Fighting
 + Level 6.7 Axes
 + Level 7.9 Armour
 + Level 8.4 Stealth
 + Level 9.4 Shields


You had 9 spell levels left.
You didn't know any spells.
Your spell library contained the following spells:

 Spells                   Type           Power      Damage    Failure   Level
 Apportation              Tloc           0%         N/A       100%        1
 Necrotise                Necr           0%         1d4       100%        1
 Sting                    Tmut/Pois      0%         1d3       100%        1
 Summon Small Mammal      Summ           0%         N/A       100%        1
 Poisonous Vapours        Pois/Air       0%         N/A       100%        2
 Ignite Poison            Fire/Tmut/Pois 0%         N/A       100%        3
 Olgreb's Toxic Radiance  Pois           0%         N/A       100%        4
 Sticky Flame             Conj/Fire      0%         2d3       100%        4
 Ignition                 Fire           0%         3d3       100%        8


Dungeon Overview and Level Annotations

Branches:
Dungeon (8/15)             Temple (1/1) D:5
   Lair: D:8-11

Altars:
Ashenzari
Cheibriados
Dithmenos
Elyvilon
Fedhas
Gozag
Hepliaklqana
Kikubaaqudgha
Makhleb
Qazlal
Ru
Sif Muna
Trog
Uskayaw
Vehumet
Wu Jian
Xom
Yredelemnul
Zin
The Shining One

Shops:
D:1 !   D:3 [   D:7 (


Innate Abilities, Weirdness & Mutations

You cannot be hasted, slowed, berserked, paralysed or teleported.
You can dig through walls and to a lower floor.
You have a pair of large antennae on your head. (SInv)
Your four strong arms can wield two-handed weapons with a shield.


Message History

* * * LOW HITPOINT WARNING * * *
[a] - 475 gold - resistance, enlightenment and might [b] - 330 gold - resistance and enlightenment [c] - 120 gold - enlightenment Purchase which effect?
You no longer have enough gold to petition Gozag for potion effects.
You no longer have enough gold to fund merchants seeking to open stores in the dungeon.
You feel protected.
You feel very buoyant.
You fly up into the air.
You feel very mighty all of a sudden.
The wyvern is no longer distracted by gold.
The yak gores you but does no damage. You block the wight's attack.
You barely miss the yak. You slash the wight!
You destroy the wight!
You block the yak's attack.
Unknown command.
You slash the yak!
The yak is poisoned.
The yak is heavily wounded.
You slash the wyvern!
The wyvern is poisoned.
You block the wyvern's attack. The yak barely misses you.
You block the wyvern's attack.
Unknown command.
You slash the yak!
The yak looks as sick as possible!
The yak is almost dead.
You hit the wyvern.
The wyvern looks as sick as possible!
You block the wyvern's attack. You block the yak's attack.
Unknown command.
You barely miss the yak.
The yak is almost dead.
You slash the wyvern!
The wyvern looks as sick as possible!
You block the wyvern's attack. The yak gores you!
* * * LOW HITPOINT WARNING * * *
The wyvern bites you but does no damage.
You hit the yak.
You kill the yak!
You barely miss the wyvern. You block the wyvern's attack.
The wyvern bites you!
* * * LOW HITPOINT WARNING * * *
The wight hits you with a +0 mace.
You die...
Your body crumbles into a pile of gold.

.....~..# ......
.....~... ......
........# ......
...)....#
....8.########
........#
.............#
##.......
.............#
#.......
#...lz....#####.......
#..$$@....#...#.......
#.~≈~~....#...########
#.~~......#...# #
#.............# #
#.............# #
#.............# ###
#.........#...# #..
###########.).### #..
#..........# ##..


You could see a wyvern (extremely poisoned) and a wight.

Vanquished Creatures
  Maggie (D:8)
  Prince Ribbit (D:6)
  A yak (D:8)
  Grum (D:8)
  An acid dragon (D:8)
  A water moccasin (D:5)
  Duvessa (D:4)
  An orc warrior (D:8)
  4 ice beasts
  A sky beast (D:7)
  3 ogres
  A centaur (D:6)
  3 wolves
  A phantom (D:6)
  2 kobold brigands (D:8)
  A bullfrog (D:7)
  A gnoll sergeant (D:6)
  2 scorpions
  13 wights
  Dowan (D:4)
  2 hounds (D:5)
  3 jellies
  5 orc priests
  5 iguanas (D:5)
  Ijyb (D:4)
  Terence (D:2)
  7 orc wizards
  7 adders
  A shadow imp (D:7)
  4 ufetubi
  3 worms
  A dart slug (D:5)
  22 orcs
  8 bats
  5 endoplasms
  2 giant cockroaches
  7 goblins
  4 hobgoblins
  5 quokkas
  3 ball pythons
  12 frilled lizards
  12 kobolds
  4 rats
165 creatures vanquished.

Vanquished Creatures (others)
  An orc wizard (D:8)
1 creature vanquished.

Grand Total: 166 creatures vanquished

Notes
Turn   | Place    | Note
-------+----------+-------------------------------------------
     0 | D:1      | p00ps00p the Formicid Fighter began the quest for the Orb.
     0 | D:1      | Reached XP level 1. HP: 18/18 MP: 1/1
   200 | D:1      | Reached XP level 2. HP: 23/24 MP: 2/2
   210 | D:1      | Found Nujeimes's Distillery.
   319 | D:1      | Reached skill level 1 in Stealth
   883 | D:2      | Noticed Terence
   895 | D:2      | Killed Terence
   896 | D:2      | Reached XP level 3. HP: 14/29 MP: 3/3
  1071 | D:2      | Reached XP level 4. HP: 24/37 MP: 4/4
  1935 | D:3      | Noticed a scorpion
  1941 | D:3      | Killed a scorpion
  1942 | D:3      | Reached XP level 5. HP: 42/42 MP: 5/5
  2167 | D:3      | Found a faded altar of an unknown god.
  2183 | D:3      | Reached skill level 5 in Shields
  2479 | D:3      | Found Reice's Armour Emporium.
  2482 | D:3      | Reached XP level 6. HP: 48/48 MP: 6/6
  2746 | D:4      | Noticed Ijyb
  2746 | D:4      | Noticed Duvessa
  2748 | D:4      | Noticed Dowan
  2784 | D:4      | Killed Ijyb
  3173 | D:4      | Killed Duvessa
  3185 | D:4      | Killed Dowan
  3186 | D:4      | Reached XP level 7. HP: 40/55 MP: 7/7
  3714 | D:5      | Entered Level 5 of the Dungeon
  3750 | D:5      | Reached skill level 5 in Armour
  3775 | D:5      | Reached skill level 5 in Fighting
  3775 | D:5      | Reached skill level 6 in Shields
  3778 | D:5      | Reached XP level 8. HP: 51/62 MP: 8/8
  4103 | D:5      | Reached skill level 5 in Stealth
  4459 | D:5      | Found a staircase to the Ecumenical Temple.
  4468 | Temple   | Entered the Ecumenical Temple
  4499 | Temple   | Became a worshipper of Gozag Ym Sagoz the Greedy
  4851 | D:6      | Noticed Prince Ribbit
  4852 | D:6      | Reached skill level 7 in Shields
  4865 | D:6      | Killed Prince Ribbit
  5046 | D:6      | Reached XP level 9. HP: 69/69 MP: 9/9
  5085 | D:6      | Reached skill level 5 in Axes
  5472 | D:6      | Reached skill level 8 in Shields
  6291 | D:7      | Found a burning altar of Makhleb.
  6320 | D:7      | Found Fyg Exirgh's Antique Weapon Shoppe.
  6366 | D:7      | Found a bloodstained altar of Trog.
  6839 | D:8      | Noticed Grum
  7365 | D:8      | Reached XP level 10. HP: 75/79 MP: 10/10
  7377 | D:8      | Killed Grum
  7565 | D:8      | Noticed Maggie
  7584 | D:8      | Killed Maggie
  7585 | D:8      | Reached skill level 9 in Shields
  8361 | D:8      | HP: 1/73 [wyvern (10)]
  8361 | D:8      | Slain by a wight

Illustrated notes

Levels and vault maps discovered:
D:1:      sevenhm_arrival_forest_fort_large_2, layout_basic, serial_shops,
          shop_fountains
D:2:      layout_loops_ring, uniq_terence
D:3:      layout_loops_ring, serial_shops, nicolae_lakefront_shop,
          hellmonk_ecumenical_altar_lost_god
D:4:      layout_loops_ring, uniq_duvessa, uniq_ijyb
D:5:      layout_rooms, minmay_temple_entry_antechambers, grunt_decor_clamped,
          minmay_lizard_king
D:6:      layout_basic, minmay_fractal_squares_gapless_5, uniq_prince_ribbit1
D:7:      layout_rooms, mainiacjoe_overflow_catch_the_wave, serial_shops, shop
D:8:      layout_basic, grunt_ministairs_15, st_stairs_1, uniq_jeremiah,
          uniq_grum, uniq_maggie, uniq_psyche
Temple:   dpeg_five_rooms_temple

Skill      XL: |  1  2  3  4  5  6  7  8  9 10 |
---------------+-------------------------------+-----
Stealth        | 1 2 3 4 5 7 8 |  8.4
Fighting       | 4 5 6 7 |  7.9
Armour         | 4 5 6 7 |  7.9
Axes           | 3 4 6 |  6.7
Shields        | 5 6 7 8 9 |  9.4

Action                     |  1- 3 |  4- 6 |  7- 9 | 10-12 || total
---------------------------+-------+-------+-------+-------++-------
  Melee: War axe           |    70 |    76 |       |       ||   146
         Hand axe          |       |    33 |   243 |   116 ||   392
         Unarmed           |       |     2 |       |       ||     2
         Battleaxe         |       |       |    21 |       ||    21
 Invoke: Potion Petition   |       |       |       |     1 ||     1
    Use: Scroll            |     2 |    12 |     7 |       ||    21
         Potion            |       |     3 |     1 |     1 ||     5
   Stab: Distracted        |       |       |     2 |     1 ||     3
 Armour: Scale mail        |    52 |       |       |       ||    52
         Plate armour      |       |    85 |   193 |    69 ||   347
         Skin              |       |     3 |       |       ||     3
  Dodge: Dodged            |    28 |    21 |    37 |    14 ||   100
  Block: Buckler           |    19 |    18 |       |       ||    37
         Tower shield      |       |    57 |   261 |   108 ||   426

Table legend: (Time is in decaauts)
 A = Elapsed time spent in this place.
 B = Non-inter-level travel time spent in this place.
 C = Inter-level travel time spent in this place.
 D = Time resting spent in this place.
 E = Time spent auto-exploring this place.
 F = Levels seen in this place.
 G = Mean time per level.
                   A        B        C        D        E       F      G
               +--------+--------+--------+--------+--------+-----+--------+
         Total |   8526 |   8177 |    349 |   1450 |   5128 |   9 |  947.3 |
       Dungeon |   8465 |   8175 |    290 |   1450 |   5128 |   8 | 1058.1 |
        Temple |     60 |      1 |     59 |      0 |      0 |   1 |   60.0 |
               +--------+--------+--------+--------+--------+-----+--------+

Top non-repeatable levels by time:
     D:6: 1424 daAuts
     D:7: 1127 daAuts
     D:2: 1112 daAuts
     D:8: 1085 daAuts
     D:5: 1040 daAuts
     D:3: 1030 daAuts
     D:1: 850 daAuts
     D:4: 794 daAuts
  Temple: 60 daAuts
